 Dungeon Crawl Stone Soup version 0.32-a0-630-g46d191b0ed (webtiles) character file.

Game seed: 10964326850299765478

29 juan097 the Sneak (level 3, -1/43 HPs)
             Began as a Draconian Brigand on Mar 6, 2024.
             Succumbed to Sigmund's poison
             ... on level 2 of the Dungeon.
             The game lasted 00:02:52 (1010 turns).

juan097 the Sneak (Draconian Brigand)               Turns: 1010, Time: 00:02:53

Health: -1/43      AC: 21    Str: 13    XL:     3   Next: 1%
Magic:  3/3        EV:  2    Int: 11    God:
Gold:   120        SH:  0    Dex: 14    Spells: 2/2 levels left

rFire   . . .        a - +2 dagger
rCold   . . .        (no shield)
rNeg    . . .        (body armour unavailable)
rPois   +            (helmet currently unavailable)
rElec   .            b - melded +0 cloak
rCorr   .            (gloves currently unavailable)
SInv    .            (boots currently unavailable)
Will    .....        (no amulet)
Stlth   +            (no ring)
HPRegen 0.27/turn    (no ring)
MPRegen 0.08/turn

%: no passive effects
@: confused, lethally poisoned (-1 -> -10), tree-form
A: stationary, stasis, torment immunity, boosted hp, AC +5, unfitting armour,
(cold-blooded)
a: no special abilities


You were on level 2 of the Dungeon.
You were a tree.
You visited 1 branch of the dungeon, and saw 2 of its levels.

You collected 120 gold pieces.

Inventory:

Hand Weapons
 a - a +2 dagger (weapon)
Missiles
 c - 9 poisoned darts (quivered)
 d - a curare-tipped dart
Armour
 b - a +0 cloak (melded)
Magical Staves
 g - a staff of cold
Scrolls
 e - a scroll of teleportation {unknown}
 h - 2 scrolls of poison {unknown}
 i - a scroll of enchant weapon {unknown}


   Skills:
 - Level 2.1 Fighting
 + Level 3.0 Short Blades
 - Level 2.0 Throwing
 - Level 0.8 Dodging
 - Level 4.0 Stealth


You had 2 spell levels left.
You didn't know any spells.
Your spell library contained the following spells:

 Spells                   Type           Power      Damage    Failure   Level
 Ensorcelled Hibernation  Hex/Ice        0%         N/A       47%         2
 Passwall                 Erth           0%         N/A       71%         3
 Swiftness                Air            0%         N/A       71%         3


Dungeon Overview and Level Annotations

Branches:
Dungeon (2/15)

Altars:

Annotations:
D:2 Sigmund


Innate Abilities, Weirdness & Mutations

You are a tree.
Your roots penetrate the ground, keeping you stationary.
You cannot be teleported.
You are immune to unholy pain and torment.
Your maximum health is greatly increased.
Your equipment is partially melded.
((Your plain brown scales are hard. (AC +5)))
You cannot fit into any form of body armour.
((You are cold-blooded and may be slowed by cold attacks.))


Message History

Press: ? - help, Shift-Dir - straight line, f - Sigmund
Aim: Sigmund, wielding a +0 scythe of venom and wearing a +0 robe (lightly wounded, 53% to hit)
You throw a curare-tipped dart.
The curare-tipped dart closely misses Sigmund.
Sigmund gestures at you while chanting. The magic dart hits you!
Throw: 2 darts (curare)
Press: ? - help, Shift-Dir - straight line, f/p - Sigmund
Aim: Sigmund, wielding a +0 scythe of venom and wearing a +0 robe (lightly wounded, 53% to hit)
You throw a curare-tipped dart. The curare-tipped dart hits Sigmund.
Sigmund is poisoned.
Sigmund struggles to breathe.
Sigmund seems to slow down.
Sigmund is lightly wounded.
You hit Sigmund.
Sigmund is lightly wounded.
Sigmund hits you with a +0 scythe of venom!
You are lethally poisoned!
It was a potion of lignification.
You turn into a tree.
Your +0 cloak melds into your body.
Your roots penetrate the ground.
* * * LOW HITPOINT WARNING * * *
You feel very sick.
You closely miss Sigmund.
Sigmund is lightly wounded.
* * * LOW HITPOINT WARNING * * *
You feel very sick. Sigmund casts a spell at you.
The magic dart hits you but does no damage.
You hit Sigmund.
Sigmund is moderately wounded.
* * * LOW HITPOINT WARNING * * *
You feel very sick.
Sigmund points at you and mumbles some strange words.
You are confused.
You cannot move. (Use ctrl+direction or * direction to attack while stationary and confused.)
You swing at nothing.
* * * LOW HITPOINT WARNING * * *
You feel sick.
You closely miss Sigmund.
Sigmund is moderately wounded.
You die...

...
..$####...
.........
..)......
...#.#..
......
#..###
#.♣@#
#.#.#
#†#.#
#.#.#
#.#..
#.### #.#
#.# #.#


You could see Sigmund (very poisoned, slow).

Vanquished Creatures
  3 bats (D:1)
  3 endoplasms (D:1)
  4 giant cockroaches
  3 goblins (D:1)
  A hobgoblin (D:1)
  3 ball pythons (D:1)
  A frilled lizard (D:1)
  4 kobolds (D:1)
  2 rats (D:1)
24 creatures vanquished.

Notes
Turn   | Place    | Note
-------+----------+-------------------------------------------
     0 | D:1      | juan097 the Draconian Brigand began the quest for the Orb.
     0 | D:1      | Reached XP level 1. HP: 17/17 MP: 1/1
   220 | D:1      | Reached XP level 2. HP: 24/24 MP: 2/2
   422 | D:1      | Reached skill level 4 in Stealth
   598 | D:1      | Found a faded altar of an unknown god.
   990 | D:2      | Reached XP level 3. HP: 26/29 MP: 3/3
  1000 | D:2      | Noticed Sigmund
  1009 | D:2      | HP: 1/43 [poisoned by Sigmund]
  1010 | D:2      | Succumbed to Sigmund's poison

Illustrated notes

Levels and vault maps discovered:
D:1:      minmay_arrival_plants_in_alcoves, layout_basic,
          shapermc_ecumenical_altar_pompeii, kennysheep_decorative_pillar,
          st_stairs_13, minmay_nonomino_d4
D:2:      layout_basic, uniq_natasha, uniq_sigmund

Skill      XL: |  1  2 |
---------------+-------+-----
Throwing       | 2 |  2.0
Stealth        | 4 |  4.0
Short Blades   | 3 |  3.0
Fighting       | |  2.1
Dodging        | |  0.8

Action                     || total
---------------------------++-------
  Melee: Dagger            ||    71
         Tailslap          ||     4
  Throw: Dart              ||     4
    Use: Potion            ||     1
   Stab: Sleeping          ||     4
 Armour: Skin              ||    31
  Dodge: Dodged            ||    35

Table legend: (Time is in decaauts)
 A = Elapsed time spent in this place.
 B = Non-inter-level travel time spent in this place.
 C = Inter-level travel time spent in this place.
 D = Time resting spent in this place.
 E = Time spent auto-exploring this place.
 F = Levels seen in this place.
 G = Mean time per level.
                   A        B        C        D        E       F      G
               +--------+--------+--------+--------+--------+-----+--------+
         Total |   1003 |    991 |     12 |      0 |    786 |   2 |  501.5 |
       Dungeon |   1003 |    991 |     12 |      0 |    786 |   2 |  501.5 |
               +--------+--------+--------+--------+--------+-----+--------+

Top non-repeatable levels by time:
     D:1: 814 daAuts
     D:2: 188 daAuts
